 Dungeon Crawl Stone Soup version 0.31-a0-1074-g0b22e4e0f1 (webtiles) character file.

Game seed: 2605120844057053432

19285 Arex the Protected (level 12, -2/97 HPs)
             Began as a Demonspawn Fighter on Dec 6, 2023.
             Was a Priest of Lugonu.
             Slain by a death yak (13 damage)
             ... on level 1 of the Lair of Beasts on Dec 7, 2023.
             The game lasted 00:25:51 (14705 turns).

Arex the Protected (Demonspawn Fighter)            Turns: 14705, Time: 00:25:52

Health: -2/97      AC: 30    Str: 20    XL:     12   Next: 35%
Magic:  0/18       EV:  9    Int: 12    God:    Lugonu [***...]
Gold:   783        SH: 16    Dex: 12    Spells: 11/11 levels left

rFire   . . .        a - +0 war axe
rCold   . . .        H - +0 tower shield
rNeg    . . .        w - +0 plate armour
rPois   .            (helmet restricted)
rElec   .            p - +0 cloak
rCorr   .            (no gloves)
SInv    .            (no boots)
Will    .....        y - amulet of guardian spirit Stlth
                     q - +4 ring of protection
HPRegen 0.36/turn    D - +5 ring of evasion
MPRegen 0.16/turn

%: guardian spirit
@: sanguine armoured, studying Armour
A: horns 2, demonic guardian 2, sanguine armour 2, demonic magic 1
a: Renounce Religion, Depart the Abyss, Banish


You were on level 1 of the Lair of Beasts.
You worshipped Lugonu.
Lugonu was most pleased with you.
You visited 3 branches of the dungeon, and saw 13 of its levels.

You collected 783 gold pieces.

Inventory:

Hand Weapons
 a - a +0 war axe (weapon)
 d - a +1 whip of flaming
Missiles
 t - 3 atropa-tipped darts
Armour
 p - a +0 cloak (worn)
 w - a +0 plate armour (worn)
 H - a +0 tower shield (worn)
Jewellery
 c - a ring of fire
 q - a +4 ring of protection (left hand)
 u - a ring of resist corrosion
 y - an amulet of guardian spirit (around neck)
 D - a +5 ring of evasion (right hand)
Wands
 f - a wand of roots (26)
 o - a wand of charming (1)
 r - a wand of flame (20) (quivered)
 F - a wand of polymorph (16)
Scrolls
 b - a scroll of enchant armour {unknown}
 e - 3 scrolls of immolation
 g - a scroll of torment {unknown}
 h - a scroll of revelation
 m - 3 scrolls of blinking
 n - 2 scrolls of amnesia
 v - 2 scrolls of poison
 z - 5 scrolls of teleportation
 B - a scroll of fog
 C - 2 scrolls of fear
Potions
 i - 6 potions of curing
 j - a potion of cancellation
 k - a potion of haste {unknown}
 l - a potion of magic {unknown}
 s - a potion of mutation
 x - 3 potions of attraction
 A - 3 potions of brilliance
 E - 2 potions of enlightenment


   Skills:
 + Level 9.9 Fighting
 + Level 8.8 Axes
 + Level 12.1 Armour
 * Level 10.7 Shields
 - Level 8.5 Invocations


You had 11 spell levels left.
You didn't know any spells.
Your spell library contained the following spells:

 Spells                   Type           Power      Damage    Failure   Level
 Apportation              Tloc           0%         N/A       100%        1
 Necrotise                Necr           0%         1d4       100%        1
 Blink                    Tloc           0%         N/A       100%        2
 Jinxbite                 Hex            0%         N/A       100%        2
 Poisonous Vapours        Pois/Air       0%         N/A       100%        2
 Mephitic Cloud           Conj/Pois/Air  0%         N/A       100%        3
 Ozocubu's Armour         Ice            0%         N/A       100%        3
 Summon Guardian Golem    Hex/Summ       0%         N/A       100%        3
 Vampiric Draining        Necr           0%         2d6       100%        3
 Manifold Assault         Tloc           0%         N/A       100%        4
 Agony                    Necr           0%         N/A       100%        5
 Alistair's Intoxication  Tmut/Pois      0%         N/A       100%        5
 Freezing Cloud           Conj/Ice/Air   0%         6-21      100%        5
 Metabolic Englaciation   Hex/Ice        0%         N/A       100%        5
 Simulacrum               Ice/Necr       0%         N/A       100%        6
 Orb of Destruction       Conj           0%         9d5       100%        7
 Spellforged Servitor     Conj/Summ      0%         N/A       100%        7


Dungeon Overview and Level Annotations

Branches:
Dungeon (10/15)            Temple (0/1) D:6            Lair (2/5) D:10
    Orc (1/2) D:9
  Swamp: Lair:2-3    Shoals: Lair:2-3     Snake: Lair:2-3    Spider: Lair:2-3

Altars:
Cheibriados
Fedhas
Gozag
Kikubaaqudgha
Makhleb
Nemelex Xobeh
Okawaru
Qazlal
Ru
Sif Muna
Trog
Vehumet
Lugonu

Shops:
D:2 ?   D:3 [!   D:4 *   D:9 :   Orc:1 =

Portals:
Abyss: D:3

Annotations:
Abyss:1 Gastronok, Harold, Nergalle


Innate Abilities, Weirdness & Mutations

You have a pair of horns on your head.
A demonic guardian rushes to your aid.
When seriously injured, your blood forms thick armour. (AC +9)
Spells you cast may paralyse adjacent enemies.


Message History

You block the death yak's attack.
You hit the death yak.
The death yak is severely wounded.
You block the death yak's attack.
The death yak gores you but does no damage.
You slash the death yak!
The death yak is severely wounded.
The death yak barely misses you.
You hit the death yak.
You headbutt the death yak, but do no damage.
The death yak is severely wounded.
The death yak gores you!!
You completely miss the death yak.
The death yak is severely wounded.
You block the death yak's attack.
You barely miss the death yak.
The death yak is severely wounded.
The death yak gores you!!
* * * LOW HITPOINT WARNING * * *
A demonic guardian appears!
You block the death yak's attack.
You hit the death yak but do no damage.
The death yak is severely wounded.
You block the death yak's attack.
Your soul eater hits the death yak!
You barely miss the death yak.
You headbutt the death yak, but do no damage.
The death yak is almost dead.
You block the death yak's attack.
Your soul eater barely misses the death yak.
You hit the death yak but do no damage.
The death yak is almost dead.
You block the death yak's attack.
Your soul eater barely misses the death yak.
The death yak gores you!
* * * LOW HITPOINT WARNING * * *
A demonic guardian appears!
Your soul eater barely misses the death yak.
You barely miss the death yak. You headbutt the death yak.
The death yak is almost dead.
The death yak gores you!
You die...

#..#..#.......#...#
#..#..........#...#
#..#..#.+.....#...##
#..#..#.#.....#...P#
#.....#.#..........#
#..+....#.........######
#...###.'...4.#...##.#.#######
#.......#.....#...............
##.......#....@#.###..########.
#.........#####Y.# #### #.
##..............3## #.
#................# #.
#....#.######.>.## ##. #....###
##..รท# ### ### #P. ##....#
#....###.###.####.. #.....#
##................. ##....####
#..................


You could see a death yak (ally target), a friendly soul eater (summoned) and a
friendly orange demon (summoned).

Vanquished Creatures
  4 death yaks
  A skyshark (Lair:1)
  Pikel (D:6)
  4 elephants (Lair:1)
  A cane toad (Lair:1)
  3 kobold demonologists
  5 komodo dragons (Lair:1)
  4 trolls
  Prince Ribbit (D:6)
  A hornet (D:10)
  A blink frog (Lair:1)
  6 yaks (Lair:1)
  3 wargs
  Edmund (D:5)
  5 water moccasins
  3 ice beasts
  2 black bears (D:5)
  7 orc warriors
  4 ogres (Orc:1)
  5 centaurs
  A lemure (D:6)
  4 kobold brigands
  A phantom (D:7)
  8 bullfrogs
  3 scorpions
  10 wights
  15 killer bees
  A howler monkey (D:7)
  An electric eel (D:10)
  2 hounds (D:6)
  7 orc priests
  A sleepcap (D:8)
  A gnoll bouda (D:6)
  3 jellies
  Ijyb (D:4)
  10 orc wizards
  5 gnolls
  7 adders
  A shadow imp (D:8)
  A white imp (D:6)
  3 ufetubi (D:6)
  4 worms
  2 dart slugs
  32 orcs
  A bat (D:2)
  3 endoplasms
  3 giant cockroaches
  8 goblins
  5 hobgoblins
  A jackal (D:5)
  22 kobolds
  5 quokkas
  6 ball pythons
  2 frilled lizards
  6 rats
248 creatures vanquished.

Vanquished Creatures (collateral kills)
  A cane toad (Lair:2)
  An ice beast (D:5)
  A centaur (D:9)
  A wight (D:8)
  2 orc priests
  3 gnolls
  An adder (D:6)
  An ufetubus (D:6)
  An orc (D:5)
12 creatures vanquished.

Vanquished Creatures (others)
  An orc warrior (D:9)
  A lemure (D:6)
  A wight (D:8)
  An orc wizard (Orc:1)
  2 gnolls (D:6)
  A lurking horror (D:3)
7 creatures vanquished.

Grand Total: 267 creatures vanquished

Notes
Turn   | Place    | Note
-------+----------+-------------------------------------------
     0 | D:1      | Arex the Demonspawn Fighter began the quest for the Orb.
     0 | D:1      | Reached XP level 1. HP: 18/18 MP: 1/1
   145 | D:1      | Gained mutation: You have a pair of small horns on your
                  | head. [demonic ancestry]
   145 | D:1      | Reached XP level 2. HP: 24/24 MP: 2/2
   470 | D:1      | Reached skill level 3 in Armour
   770 | D:2      | Reached XP level 3. HP: 29/29 MP: 3/3
   815 | D:2      | You fall into a shaft and drop 1 floor!
   817 | D:3      | Found Xetirghy's Distillery.
  1002 | D:2      | Gained mutation: Spells you cast may paralyse adjacent
                  | enemies. [demonic ancestry]
  1002 | D:2      | Reached XP level 4. HP: 23/35 MP: 4/4
  1224 | D:2      | Found Imedar's Magic Scroll Shop.
  1497 | D:3      | Found a corrupted altar of Lugonu.
  1507 | D:3      | Found a one-way gate to the infinite horrors of the Abyss.
  1513 | D:3      | Became a worshipper of Lugonu the Unformed
  1755 | D:3      | Found an iron altar of Okawaru.
  1887 | D:3      | Found Ziatonty's Armour Emporium.
  2028 | D:4      | Noticed Ijyb
  2037 | D:4      | Killed Ijyb
  2068 | D:4      | Noticed a scorpion
  2080 | D:4      | Killed a scorpion
  2081 | D:4      | Reached skill level 1 in Invocations
  2081 | D:4      | Gained mutation: You have a pair of horns on your head.
                  | [demonic ancestry]
  2081 | D:4      | Reached XP level 5. HP: 25/42 MP: 4/6
  2676 | D:4      | Reached XP level 6. HP: 42/48 MP: 7/7
  2748 | D:4      | Found Higoir's Fire Supplies.
  3104 | D:5      | Entered Level 5 of the Dungeon
  3111 | D:5      | Found a burning altar of Makhleb.
  3143 | D:5      | Noticed Edmund
  3167 | D:5      | Killed Edmund
  3167 | D:5      | Reached * piety under Lugonu
  3168 | D:5      | Reached skill level 4 in Armour
  3293 | D:5      | Noticed an ice beast
  3303 | D:5      | Killed an ice beast
  3304 | D:5      | Gained mutation: A weak demonic guardian rushes to your
                  | aid. [demonic ancestry]
  3304 | D:5      | Reached XP level 7. HP: 42/50 MP: 9/9
  3674 | D:5      | Reached skill level 5 in Armour
  3733 | D:5      | Found a sparkling altar of Nemelex Xobeh.
  3813 | D:5      | Found a bloodstained altar of Trog.
  3886 | D:5      | Found a stormy altar of Qazlal.
  4085 | D:5      | Found a sacrificial altar of Ru.
  4131 | D:6      | Reached skill level 5 in Fighting
  4242 | D:6      | Gained mutation: When seriously injured, your blood forms
                  | armour. (AC +9) [demonic ancestry]
  4242 | D:6      | Reached XP level 8. HP: 31/62 MP: 11/11
  4371 | D:6      | Found a staircase to the Ecumenical Temple.
  4400 | D:6      | Reached skill level 5 in Invocations
  4417 | D:6      | Reached skill level 5 in Shields
  4563 | D:6      | Found an opulent altar of Gozag.
  4563 | D:6      | Noticed Pikel
  4570 | D:6      | Reached ** piety under Lugonu
  4581 | D:6      | Reached skill level 6 in Armour
  4581 | D:6      | Killed Pikel
  4582 | D:6      | Reached skill level 5 in Axes
  4786 | D:6      | Reached XP level 9. HP: 66/69 MP: 13/13
  4852 | D:6      | Noticed Prince Ribbit
  4865 | D:6      | Killed Prince Ribbit
  4866 | D:6      | Reached skill level 7 in Armour
  6287 | D:7      | Reached skill level 8 in Armour
  6539 | D:8      | Reached *** piety under Lugonu
  6884 | D:8      | Noticed Gastronok
  6886 | D:8      | Banished Gastronok
  6887 | D:8      | Gained mutation: When seriously injured, your blood forms
                  | thick armour. (AC +9) [demonic ancestry]
  6887 | D:8      | Reached XP level 10. HP: 79/79 MP: 6/16
  7311 | D:8      | Reached skill level 9 in Armour
  7464 | D:8      | Found a shimmering blue altar of Sif Muna.
  7729 | D:8      | Found a snail-covered altar of Cheibriados.
  7847 | D:9      | Found a blossoming altar of Fedhas.
  8392 | D:9      | Noticed a two-headed ogre
  8394 | D:9      | Banished a two-headed ogre
  8588 | D:9      | Found an ancient bone altar of Kikubaaqudgha.
  8619 | D:9      | Found Murieng's Book Shop.
  8655 | D:9      | Found a staircase to the Orcish Mines.
  9393 | Orc:1    | Entered Level 1 of the Orcish Mines
  9393 | Orc:1    | Found Jicimat's Jewellery Shoppe.
  9570 | Orc:1    | Reached skill level 10 in Armour
  9653 | Orc:1    | Reached XP level 11. HP: 80/86 MP: 17/17
  9838 | Orc:1    | Noticed an orc high priest
  9847 | Orc:1    | Banished an orc high priest
 10463 | D:10     | Entered Level 10 of the Dungeon
 10472 | D:10     | Noticed a death yak
 10507 | D:9      | Killed a death yak
 10522 | D:10     | Noticed a death yak
 10522 | D:10     | Noticed a death yak
 10522 | D:10     | Noticed a death yak
 10522 | D:10     | Noticed a death yak
 10522 | D:10     | Noticed a death yak
 10549 | D:9      | Killed a death yak
 10958 | D:10     | Noticed Harold
 10963 | D:10     | Banished Harold
 10975 | D:10     | Paralysed by a hornet for 1 turns
 11368 | D:10     | Noticed a death yak
 11383 | D:10     | Found a radiant altar of Vehumet.
 11419 | D:9      | Killed a death yak
 11420 | D:9      | Reached skill level 11 in Armour
 11672 | D:9      | Noticed a soul eater
 12348 | D:10     | Found a staircase to the Lair.
 12648 | Lair:1   | Entered Level 1 of the Lair of Beasts
 12795 | Lair:1   | Reached skill level 10 in Shields
 13081 | Lair:1   | Reached **** piety under Lugonu
 13137 | Lair:1   | Gained mutation: A demonic guardian rushes to your aid.
                  | [demonic ancestry]
 13137 | Lair:1   | Reached XP level 12. HP: 96/96 MP: 18/18
 14028 | Lair:2   | Noticed Nergalle
 14042 | Lair:2   | Banished Nergalle
 14254 | Lair:2   | Reached skill level 12 in Armour
 14454 | Lair:2   | Noticed a death yak
 14457 | Lair:2   | Noticed a death yak
 14467 | Lair:2   | Noticed a death yak
 14490 | Lair:1   | Killed a death yak
 14679 | Lair:2   | Noticed a death yak
 14705 | Lair:1   | Slain by a death yak

Illustrated notes

Levels and vault maps discovered:
D:1:      minmay_arrival_loop, layout_basic, chequers_decorated_corner,
          minmay_three_crescents
D:2:      layout_basic, serial_shops, nicolae_shop_rolled_up,
          minmay_misc_feat_four_crosses
D:3:      layout_basic, lemuel_doored_altar, serial_shops,
          nicolae_shop_industrial_runoff, shop, amcnicky_altar_lugonu_corruption
D:4:      layout_loops_ring, nicolae_shop_fire_sale [nicolae_sub_dead_trees],
          chequers_garden, uniq_ijyb
D:5:      cheibrodos_helix_gallery, layout_basic,
          nicolae_qazlal_scattered_showers, nemelex_diamond_rough_becter,
          lightli_temple_of_fire, mainiacjoe_overflow_catwalk,
          mainiacjoe_overflow_alcove_1, chequers_jeans,
          minmay_misc_feat_ornament, minmay_manual_monstrance, uniq_edmund
D:6:      layout_gridville, nicolae_gozag_seed_capital,
          minmay_temple_entry_gardened_gates, minmay_checkerbox, uniq_pikel,
          uniq_prince_ribbit1
D:7:      layout_basic
D:8:      layout_loops_ring, slow_altar_2, nicolae_sif_muna_condensation,
          uniq_gastronok
D:9:      layout_basic, mainiacjoe_overflow_alcove_2,
          mainiacjoe_overflow_six_doors_small, overflow_temple_1_default,
          david_orc_1_choice, serial_shops, nicolae_shop_advertising_works
          [nicolae_subvault_shop_adworks]
D:10:     layout_irregular_city, mainiacjoe_overflow_concentric_impassable,
          dpeg_lair_monsters, minmay_crystal_water, uniq_harold
Lair:1:   layout_chaotic_city, minivault_23
Lair:2:   layout_gridlike, hellmonk_spider_entry_life_and_decay,
          infiniplex_staircase_pool_2, uniq_nergalle, uniq_maggie
Orc:1:    layout_caves, serial_shops, shop, lemuel_statue_altar,
          nicolae_orc_tapped_out

Skill      XL: |  1  2  3  4  5  6  7  8  9 10 11 12 |
---------------+-------------------------------------+-----
Axes           | 2 3 4 5 6 7 8 |  8.8
Armour         | 3 4 5 6 8 10 11 12 | 12.1
Shields        | 3 4 5 6 8 10 | 10.7
Invocations    | 1 2 3 4 6 8 |  8.5
Fighting       | 4 5 6 7 8 9 |  9.9

Action                     |  1- 3 |  4- 6 |  7- 9 | 10-12 || total
---------------------------+-------+-------+-------+-------++-------
  Melee: War axe           |    64 |   141 |   319 |   701 ||  1225
         Headbutt          |     9 |    19 |    56 |   177 ||   261
  Throw: Dart              |     1 |    13 |     2 |       ||    16
 Invoke: Banish            |       |       |     2 |     8 ||    10
  Evoke: Wand              |       |     2 |     7 |     9 ||    18
    Use: Scroll            |     4 |     1 |     3 |     8 ||    16
         Potion            |       |       |     1 |     3 ||     4
   Stab: Invisible         |     1 |       |       |       ||     1
         Distracted        |       |       |     1 |     1 ||     2
 Armour: Scale mail        |    23 |       |       |       ||    23
         Chain mail        |    27 |    84 |       |       ||   111
         Plate armour      |       |    34 |   463 |   615 ||  1112
  Dodge: Dodged            |    27 |    37 |   226 |   236 ||   526
  Block: Buckler           |    14 |    37 |   158 |    33 ||   242
         Tower shield      |       |       |       |   715 ||   715

Table legend: (Time is in decaauts)
 A = Elapsed time spent in this place.
 B = Non-inter-level travel time spent in this place.
 C = Inter-level travel time spent in this place.
 D = Time resting spent in this place.
 E = Time spent auto-exploring this place.
 F = Levels seen in this place.
 G = Mean time per level.
                   A        B        C        D        E       F      G
               +--------+--------+--------+--------+--------+-----+--------+
         Total |  15121 |  13992 |   1129 |   3020 |   8033 |  13 | 1163.2 |
       Dungeon |  11997 |  11064 |    933 |   2282 |   6590 |  10 | 1199.7 |
          Lair |   2133 |   1981 |    152 |    492 |   1040 |   2 | 1066.5 |
  Orcish Mines |    991 |    948 |     43 |    246 |    403 |   1 |  991.0 |
               +--------+--------+--------+--------+--------+-----+--------+

Top non-repeatable levels by time:
     D:9: 2574 daAuts
  Lair:1: 1878 daAuts
     D:8: 1471 daAuts
    D:10: 1390 daAuts
     D:7: 1356 daAuts
     D:4: 1056 daAuts
     D:5: 1046 daAuts
   Orc:1: 991 daAuts
     D:6: 983 daAuts
     D:1: 780 daAuts
     D:2: 718 daAuts
     D:3: 618 daAuts
  Lair:2: 254 daAuts
